 Dungeon Crawl Stone Soup version 0.18.1-48-g4cf74bf (webtiles) character file.

2739 Joat the Conjurer (level 9, -8/58 HPs)
             Began as an Octopode Conjurer on Aug 17, 2016.
             Mangled by an orc warrior
             ... wielding a +0 short sword
              (12 damage)
             ... on level 7 of the Dungeon on Aug 18, 2016.
             The game lasted 00:56:48 (9498 turns).

Joat the Conjurer (Octopode Conjurer)               Turns: 9498, Time: 00:56:49

Health: -8/58      AC:  1    Str:  7    XL:     9   Next: 67%
Magic:  10/16      EV: 15    Int: 25    God:
Gold:   437        SH:  0    Dex: 12    Spells: 3 memorised, 9 levels left

rFire  + . .     SeeInvis .     E - +3 mace of Fundamental Breach {vamp, rN+ Int+4}
rCold  . . .     Gourm    .     (no shield)
rNeg   + . .     Faith    .     (helmet restricted)
rPois  .         Spirit   .     (no amulet)
rElec  .         Dismiss  .     f - ring of protection from fire
rCorr  .         Reflect  .     (no ring)
SustAt .         Harm     .     (no ring)
MR     .....                    (no ring)
Stlth  +++++.....               (no ring)
                                (no ring)
                                (no ring)
                                (no ring)

@: not resistant to hostile enchantments, quite stealthy
A: almost no armour, amphibious, 8 rings, constrict 8, camouflage 1, gelatinous
body 1
a: no special abilities


You were on level 7 of the Dungeon.
You were not hungry.

You visited 2 branches of the dungeon, and saw 8 of its levels.
You also visited: Sewer.

You collected 437 gold pieces.

Inventory:

Hand Weapons
 h - a +0 dagger
 k - a +0 short sword
 v - a +4 flail
 E - the +3 mace of Fundamental Breach (weapon) {vamp, rN+ Int+4}
   (You found it on level 5 of the Dungeon)

   It inflicts no extra harm, but heals its wielder somewhat when it strikes a
   living foe.
   It affects your intelligence (+4).
   It protects you from negative energy.
Missiles
 u - 5 tomahawks of returning (quivered)
Armour
 d - a +0 large shield
Jewellery
 f - a ring of protection from fire (left tentacle)
Wands
 i - a wand of confusion (13/48)
 l - a wand of polymorph (5/24)
 w - a wand of random effects (24/48)
 F - a wand of iceblast (5/15)
Scrolls
 g - 3 scrolls of remove curse
 j - 4 scrolls of recharging
 n - a scroll of identify
 p - 3 scrolls of immolation
 s - a scroll of fear {unknown}
 y - 2 scrolls of fog
 A - a scroll of blinking
 B - 2 scrolls of teleportation
 C - a scroll of magic mapping {unknown}
Potions
 c - a potion of curing
 e - a potion of cancellation
 m - 2 potions of flight
 r - a potion of lignification
 x - 7 potions of might
 z - a potion of haste
Books
 a - a book of Conjurations

   Spells                             Type                      Level
   a - Magic Dart                     Conjuration                  1
   b - Searing Ray                    Conjuration                  2
   c - Dazzling Spray                 Conjuration/Hexes            3
   d - Fulminant Prism                Conjuration/Hexes            4
   e - Iskenderun's Mystic Blast      Conjuration                  4
   f - Iskenderun's Battlesphere      Conjuration/Charms           5
 o - a book of the Sky

   Spells                             Type                      Level
   a - Summon Lightning Spire         Summoning/Air                4
   b - Airstrike                      Air                          4
   c - Silence                        Hexes/Air                    5
   d - Deflect Missiles               Charms/Air                   6
   e - Conjure Ball Lightning         Conjuration/Air              6
   f - Tornado                        Air                          9
 D - a book of Changes

   Spells                             Type                      Level
   a - Beastly Appendage              Transmutation                1
   b - Sticks to Snakes               Transmutation                2
   c - Spider Form                    Transmutation/Poison         3
   d - Ice Form                       Ice/Transmutation            4
   e - Blade Hands                    Transmutation                5
Comestibles
 b - 5 bread rations
 q - 3 meat rations


   Skills:
 + Level 4.1 Fighting
 * Level 4.7 Maces & Flails
 * Level 6.1 Dodging
 + Level 6.3 Stealth
 - Level 5.3 Spellcasting
 - Level 6.4 Conjurations
 - Level 4.0 Charms


You had 9 spell levels left.
You knew the following spells:

 Your Spells              Type           Power        Failure   Level  Hunger
a - Magic Dart            Conj           ####         1%          1    None
d - Dazzling Spray        Conj/Hex       ###...       8%          3    #......
w - Iskenderun's Battles  Conj/Chrm      ####....     28%         5    #####..


Dungeon Overview and Level Annotations

Branches:
Dungeon (7/15)             Temple (1/1) D:5

Altars:
Ashenzari
Cheibriados
Dithmenos
Elyvilon
Fedhas
Gozag
Kikubaaqudgha
Makhleb
Nemelex Xobeh
Pakellas
Qazlal
Ru
Trog
Zin
The Shining One


Innate Abilities, Weirdness & Mutations

You cannot wear most types of armour.
You are amphibious.
You can wear up to eight rings at the same time.
You can use your tentacles to constrict eight enemies at once.
Your skin changes colour to match your surroundings (Stealth).
Your rubbery body absorbs attacks (AC +1).


Message History

You grab the orc warrior.
You squeeze the orc warrior, but do no damage.
The orc warrior is moderately wounded.
You constrict the orc warrior. The orc warrior closely misses you.
You hit the orc warrior but do no damage.
The orc warrior is moderately wounded.
You constrict the orc warrior, but do no damage.
The orc warrior hits you with a short sword!
You hit the orc warrior but do no damage.
The orc warrior is moderately wounded.
You constrict the orc warrior, but do no damage.
The orc warrior hits you with a short sword!!
* * * LOW HITPOINT WARNING * * *
The orc warrior closely misses you.
You hit the orc warrior but do no damage.
You squeeze the orc warrior.
The orc warrior is heavily wounded.
You constrict the orc warrior, but do no damage.
The orc warrior hits you with a short sword!
You die...

####.....###....
####.....###...#
#...........#.>.
##...........#.##
#......_.......##
#............)... ###
#............####
..######)###.....#####
.......@)###.....###.#
#.#####o####.....###.# # #.#
#(.#####.###...#
#.####.######.####..# #...###
#.....<#...........## #...##.
##.....#.#....)..######...##.
#.....#.#...................
#>...............)..........
#.....#.#...................


You could see an orc warrior.

Vanquished Creatures
  Sigmund (D:6)
  2 water moccasins (D:7)
  An eye of draining (D:6)
  3 ogres
  3 centaurs
  A phantom (D:6)
  8 giant frogs
  A gnoll sergeant (D:5)
  A water moccasin zombie (D:5)
  A crimson imp (D:4)
  4 howler monkeys
  A jelly (D:5)
  2 quasits (D:7)
  5 hounds
  3 orc priests
  A centaur skeleton (D:6)
  An iron imp (D:7)
  3 orc wizards
  A hound zombie (D:6)
  Robin (D:4)
  A worker ant zombie (D:7)
  12 adders
  5 gnolls (D:5)
  4 river rats (Sewer)
  2 shadow imps
  2 oozes
  2 adder skeletons
  5 worms
  A dart slug (D:4)
  7 giant geckos
  17 orcs
  9 bats
  7 giant cockroaches
  18 goblins
  7 hobgoblins
  6 jackals
  3 quokkas
  18 ball pythons
  A giant gecko skeleton (D:7)
  6 giant newts
  5 kobolds
  31 rats
213 creatures vanquished.

Vanquished Creatures (others)
  A human (D:4)
1 creature vanquished.

Grand Total: 214 creatures vanquished

Notes
Turn   | Place    | Note
--------------------------------------------------------------
     0 | D:1      | Joat the Octopode Conjurer began the quest for the Orb.
     0 | D:1      | Reached XP level 1. HP: 11/11 MP: 3/3
   475 | D:1      | Reached XP level 2. HP: 17/17 MP: 0/5
   961 | D:2      | Reached XP level 3. HP: 21/21 MP: 0/6
  1086 | D:2      | Learned a level 3 spell: Dazzling Spray
  1545 | D:2      | Reached XP level 4. HP: 21/27 MP: 4/8
  1697 | D:2      | Reached skill level 1 in Fighting
  2332 | D:3      | Found a burning altar of Makhleb.
  2671 | D:3      | Found a faded altar to an unknown god.
  2703 | D:3      | Reached XP level 5. HP: 33/33 MP: 2/9
  2849 | D:4      | Found a sacrificial altar of Ru.
  2998 | D:4      | Reached skill level 5 in Conjurations
  3240 | D:4      | Reached XP level 6. HP: 23/39 MP: 9/11
  3915 | D:4      | Noticed Robin
  3973 | D:4      | Killed Robin
  4139 | D:4      | Learned a level 5 spell: Iskenderun's Battlesphere
  4200 | D:4      | Found an ancient bone altar of Kikubaaqudgha.
  4201 | D:4      | Noticed a human
  4203 | D:4      | Killed a human
  4289 | D:5      | Entered Level 5 of the Dungeon
  4302 | D:5      | Reached skill level 1 in Maces & Flails
  4302 | D:5      | Reached XP level 7. HP: 45/45 MP: 5/13
  4414 | D:5      | Found a glowing drain.
  4423 | Sewer    | Entered a sewer
  5100 | Sewer    | Reached skill level 1 in Charms
  5671 | D:5      | Reached XP level 8. HP: 36/51 MP: 14/14
  6030 | D:5      | Got a slimy mace
  6037 | D:5      | Identified the +3 mace of Fundamental Breach {vamp, rN+ Int+4} (You found it on level 5 of the Dungeon)
  6333 | D:5      | Found a staircase to the Ecumenical Temple.
  6342 | Temple   | Entered the Ecumenical Temple
  7058 | D:6      | Found a sparkling altar of Nemelex Xobeh.
  7201 | D:6      | Found a stormy altar of Qazlal.
  7263 | D:6      | Found a bloodstained altar of Trog.
  7275 | D:6      | Reached skill level 5 in Spellcasting
  7361 | D:6      | Reached skill level 5 in Stealth
  7486 | D:6      | Reached skill level 5 in Dodging
  7701 | D:6      | Reached XP level 9. HP: 23/57 MP: 16/16
  7876 | D:6      | Noticed Sigmund
  7903 | D:6      | Killed Sigmund
  8364 | D:7      | Found a snail-covered altar of Cheibriados.
  8809 | D:7      | Found an oddly glowing altar of Pakellas.
  9155 | D:7      | Found a shattered altar of Ashenzari.
  9498 | D:7      | Mangled by an orc warrior

Skill      XL: |  1  2  3  4  5  6  7  8  9 |
---------------+----------------------------+-----
Fighting       | 1 2 3 4 |  4.1
Spellcasting   | 3 4 5 |  5.3
Conjurations   | 5 6 |  6.4
Stealth        | 3 4 5 6 |  6.3
Dodging        | 3 5 6 |  6.1
Maces & Flails | 1 3 4 |  4.7
Charms         | 2 3 4 |  4.0

Action                   |  1- 3 |  4- 6 |  7- 9 || total
-------------------------+-------+-------+-------++-------
Melee: Unarmed           |    10 |       |       ||    10
       Constrict         |     4 |    20 |    43 ||    67
       Tentacles         |     1 |     7 |    21 ||    29
       Short sword       |    11 |    25 |       ||    36
       Flail             |       |    56 |    96 ||   152
       Mace              |       |       |   147 ||   147
 Cast: Magic Dart        |    52 |   111 |   166 ||   329
Evoke: Wand              |       |       |     1 ||     1
  Use: Scroll            |       |     7 |     1 ||     8
       Potion            |       |     3 |     6 ||     9
 Stab: Sleeping          |     4 |     4 |     6 ||    14
       Distracted        |       |     1 |     1 ||     2
  Eat: Chunk             |     2 |     9 |    10 ||    21
       Pizza             |       |       |     2 ||     2
       Meat ration       |       |       |     1 ||     1
       Fruit             |       |       |     1 ||     1
       Beef jerky        |       |       |     1 ||     1
Armor: Skin              |     2 |     7 |    36 ||    45
Dodge: Dodged            |    17 |    67 |   171 ||   255
